 Dungeon Crawl Stone Soup version 0.29-a0-1047-g7c58e119a4 (webtiles) character file.

Game seed: 5783944490810598031

16199 spiderkeys the Destroyer (level 12, 0/80 HPs)
             Began as an Octopode Fire Elementalist on Aug 17, 2022.
             Was a Priest of Vehumet.
             Engulfed by a cloud of flame (18 damage)
             ... on level 1 of the Lair of Beasts.
             The game lasted 00:30:12 (14840 turns).

spiderkeys the Destroyer (OpFE)                    Turns: 14840, Time: 00:30:12

Health: 0/80       AC:  5    Str:  7    XL:     12   Next: 35%
Magic:  6/24       EV: 14    Int: 30    God:    Vehumet [***...]
Gold:   520        SH:  0    Dex:  9    Spells: 18/27 levels left

rFire   . . .      SeeInvis .   B - staff of conjuration {!a}
rCold   . . .      Faith    .   (no shield)
rNeg    + . .      Spirit   .   t - +2 hat "Kateka" {Int+7 Dex-3}
rPois   .          Reflect  .   (no amulet)
rElec   .          Harm     .   F - ring of fire
rCorr   .          Rampage  .   C - ring of ice
Will    .....                   N - ring of positive energy
Stlth   +++.......              (no ring)
HPRegen 1.03/turn               (no ring)
MPRegen 0.19/turn               (no ring)
                                (no ring)
                                (no ring)

@: slowed, studying Staves, very slow
A: almost no armour, amphibious, 8 rings, camouflage 1, gelatinous body 1,
(nimble swimmer 1), tentacles, tentacle spike 1, iridescent scales 1,
deterioration 1, regeneration 1
a: Renounce Religion


You were on level 1 of the Lair of Beasts.
You worshipped Vehumet.
Vehumet was most pleased with you.
You visited 3 branches of the dungeon, and saw 14 of its levels.

You collected 551 gold pieces.
You spent 31 gold pieces at shops.


Innate Abilities, Weirdness & Mutations

You cannot wear most types of armour.
You are amphibious.
You can wear up to eight rings at the same time.
Your skin changes colour to match your surroundings (Stealth+).
Your rubbery body absorbs attacks. (AC +1, EV +1)
((You are camouflaged when in or above water. (Stealth+)))
You have tentacles for arms and can constrict up to eight enemies at once.
One of your tentacles bears a spike.
You are partially covered in iridescent scales. (AC +2)
Your body sometimes deteriorates upon taking damage.
Your natural rate of healing is unusually fast.


   Skills:
 + Level 6.4 Fighting
 + Level 6.8 Dodging
 - Level 2.6 Stealth
 - Level 8.0 Spellcasting
 - Level 12.0 Conjurations
 - Level 10.0 Fire Magic
 + Level 4.0 Poison Magic


You had 18 spell levels left.
You knew the following spells:

 Your Spells              Type           Power      Damage    Failure   Level
f - Foxfire               Conj/Fire      100%       2x1d9     1%          1
p - Poisonous Vapours     Pois/Air       48%        N/A       1%          2
X - Scorch                Fire           100%       2d10      1%          2
Y - Flame Wave            Conj/Fire      100%       2d21      1%          4

Your spell library contained the following spells:

 Spells                   Type           Power      Damage    Failure   Level
 Conjure Flame            Conj/Fire      100%       6-21      1%          3
 Inner Flame              Hex/Fire       58%        N/A       1%          3
 Irradiate                Conj/Tmut      32%        3d22      2%          5
 Spider Form              Tmut/Pois      24%        N/A       5%          3
 Ensorcelled Hibernation  Hex/Ice        36%        N/A       6%          2
 Sublimation of Blood     Necr           12%        N/A       6%          2
 Ozocubu's Armour         Ice            18%        N/A       13%         3
 Anguish                  Hex/Necr       6%         N/A       38%         4
 Animate Dead             Necr           12%        N/A       38%         4
 Petrify                  Tmut/Erth      12%        N/A       38%         4
 Metabolic Englaciation   Hex/Ice        9%         N/A       75%         5
 Simulacrum               Ice/Necr       9%         N/A       100%        6
 Haunt                    Necr/Summ      6%         N/A       100%        7
 Infestation              Necr           6%         N/A       100%        8

Inventory:

Hand Weapons
 i - a +2 dagger of protection
   (You took it off a kobold on level 2 of the Dungeon)
 v - a +0 dagger
   (You took it off a goblin on level 1 of the Dungeon)
Missiles
 d - 6 atropa-tipped darts
 e - 135 stones
 k - 18 poisoned darts
 o - 4 boomerangs
 G - 4 curare-tipped darts {=f}
Armour
 q - a +0 buckler
   (You took it off a gnoll sergeant on level 3 of the Dungeon)
 t - the +2 hat "Kateka" (worn) {Int+7 Dex-3}
   (You found it on level 5 of the Dungeon)

   Int:       It affects your intelligence (+7).
   Dex:       It affects your dexterity (-3).
Magical Staves
 h - a staff of cold {!a}
   (You took it off a kobold on level 2 of the Dungeon)
 B - a staff of conjuration (weapon) {!a}
   (You found it on level 7 of the Dungeon)
Jewellery
 c - a ring of ice
   (You took it off a hobgoblin on level 4 of the Dungeon)
 u - the ring "Podosi" {Will- Str+6 Int+2 Stlth+}
   (You took it off a kobold on level 4 of the Dungeon)

   [ring of strength]

   Str:       It affects your strength (+6).
   Int:       It affects your intelligence (+2).
   Will:      It decreases your willpower.
   Stlth:     It makes you more stealthy.
 w - the ring "Neakall" {rElec rC- rCorr Str-3 Int+6}
   (You acquired it on level 6 of the Dungeon)

   [ring of intelligence]

   Str:       It affects your strength (-3).
   Int:       It affects your intelligence (+6).
   rC:        It makes you vulnerable to cold.
   rElec:     It insulates you from electricity.
   rCorr:     It protects you from acid and corrosion.
 C - a ring of ice (right tentacle)
   (You found it on level 1 of the Dungeon)
 F - a ring of fire (left tentacle)
   (You found it on level 1 of the Dungeon)
 N - a ring of positive energy (on tentacle)
   (You found it on level 10 of the Dungeon)
Wands
 b - a wand of flame (85)
   (You found it on level 5 of the Dungeon)
 D - a wand of iceblast (13)
   (You found it on level 7 of the Dungeon)
 H - a wand of charming (8)
   (You found it on level 8 of the Dungeon)
 K - a wand of polymorph (7)
   (You found it on level 1 of the Lair of Beasts)
Scrolls
 f - 5 scrolls of teleportation {@r4}
 g - 2 scrolls of blinking {!r}
 m - a scroll of torment {!r}
 s - 3 scrolls of immolation {!r!r}
 x - a scroll of enchant armour
 y - a scroll of brand weapon
 A - a scroll of vulnerability {!r!r}
 E - 3 scrolls of poison {!r}
 M - a scroll of noise {unknown}
Potions
 a - a potion of magic
 j - 2 potions of cancellation
 l - 8 potions of curing {@q1}
 n - a potion of flight {unknown}
 p - a potion of lignification {unknown}
 r - 2 potions of invisibility
 z - a potion of attraction {!q}
 I - 4 potions of haste {@q3}
 J - a potion of degeneration {unknown}
 L - 2 potions of brilliance {unknown}

Dungeon Overview and Level Annotations

Branches:
Dungeon (12/15) Zot: 26781  Temple (1/1) D:6 Zot: 5911    Lair (1/5) D:10 Zot: 5566
    Orc (0/2) D:11

Altars:
Ashenzari
Cheibriados
Dithmenos
Elyvilon
Fedhas
Gozag
Hepliaklqana
Kikubaaqudgha
Makhleb
Nemelex Xobeh
Okawaru
Qazlal
Ru
Sif Muna
Trog
Uskayaw
Vehumet
Wu Jian
Xom
Yredelemnul
Zin
The Shining One

Shops:
D:8

* .....# #.
#......##...... #.
.........### #.##.....##
##........#
#.....#...#####
####.....##...P##.
##ยง##..............
##โ˜ผ@โ˜ผ..............#
.....?w.#.......#.......
..(.........#####.......
.......##..## #.#......
##.#.#.#..## ####....#
.....#..... ####....
.... ###.... #.......
... ..#... .#...##.. ..#
.......#.


You could see a torpor snail (combustible).


Message History

A wave of flame ripples out!
The flame wave engulfs the yak!
The flame wave engulfs the yak!!!
The yak is burned terribly!
You kill the yak!
Vehumet accepts your kill.
You feel your power returning.
The flame wave engulfs the bush!
The bush is on fire!
The flame wave engulfs the yak!!
The bush is engulfed in blazing flames.
A yak comes into view.
The yak misses you.
A wave of flame ripples out!
The flame wave engulfs the yak!!
You kill the yak!
Vehumet accepts your kill.
You feel your power returning.
The flame wave engulfs the yak!!!
You kill the yak!
Vehumet accepts your kill.
You feel your power returning.
The flame wave engulfs the bush!
The bush is on fire!
The flame wave engulfs the yak!!
You finish channelling waves of flame.
The bush is engulfed in blazing flames.
You destroy the bush!
You feel your strength returning. ๐Ÿ˜Ž MP[+3]
You regained 3 mp, and now have 16/24 mp.
Casting: Flame Wave (safe; 1% risk of failure)
Confirm with . or Enter, or press ? or * to list all spells.
Casting: Flame Wave (safe; 1% risk of failure)
Press: ? - help, Dir - look around, f - activate You feel a strong surge of power!
A wave of flame ripples out! (Press . to intensify the flame waves.) ๐Ÿ˜Ž MP[-4]
You lost 4 mp, and now have 12/24 mp.
A wave of flame ripples out!
The flame wave engulfs the yak!!
You kill the yak!
Vehumet accepts your kill.
You feel your power returning.
The flame wave engulfs the yak!! ๐Ÿ˜Ž HP[+1] MP[+2]
You now have 80 max hp (+1).
Your hp is fully restored (80).
You regained 2 mp, and now have 14/24 mp.
A wave of flame ripples out!
The flame wave engulfs the yak!!
You kill the yak!
Vehumet accepts your kill.
You finish channelling waves of flame. ๐Ÿ˜Ž MP[-1]
You lost 1 mp, and now have 13/24 mp.
You feel a strong surge of power!
You conjure some foxfire! ๐Ÿ˜Ž MP[-1]
You lost 1 mp, and now have 12/24 mp.
You feel a strong surge of power!
You conjure some foxfire!
The foxfire hits the basilisk. x2
A torpor snail comes into view.
Being near the torpor snail leaves you feeling lethargic.
Casting: Foxfire (safe; 1% risk of failure)
Confirm with . or Enter, or press ? or * to list all spells.
Casting: Flame Wave (safe; 1% risk of failure)
Press: ? - help, Dir - look around, f - activate You feel a strong surge of power!
A wave of flame ripples out!
The flame wave engulfs your foxfire.
Your foxfire completely resists.
The flame wave engulfs your foxfire.
Your foxfire completely resists. (Press . to intensify the flame waves.)
The foxfire hits the basilisk but does no damage.
The foxfire hits the basilisk. ๐Ÿ˜Ž MP[-4]
You lost 4 mp, and now have 8/24 mp.
A wave of flame ripples out!
The flame wave engulfs the basilisk!!
The flame wave engulfs the torpor snail!
The basilisk gazes at you. You resist with some effort.
The basilisk gazes at you.
You are slowing down. ๐Ÿ˜Ž MP[-1]
You lost 1 mp, and now have 7/24 mp.
A wave of flame ripples out!
The flame wave engulfs the torpor snail!!
The flame wave engulfs the basilisk.
You kill the basilisk!
Vehumet accepts your kill.
You finish channelling waves of flame.
The torpor snail bites you!
You have turned to stone.
Your Poison Magic skill increases to level 4!
The torpor snail bites you. The torpor snail bites you!
You are engulfed in blazing flames.
The torpor snail bites you!!
You are engulfed in blazing flames.
The torpor snail bites you!
You are engulfed in blazing flames.
* * * LOW HITPOINT WARNING * * *
The torpor snail bites you!
* * * LOW HITPOINT WARNING * * *
You are engulfed in blazing flames.
* * * LOW HITPOINT WARNING * * *
You turn to flesh and can move again. ๐Ÿ˜ฑ HP[-62] MP[+1]
You take 62 damage, and now have 18/80 hp.
MASSIVE DAMAGE!! (PAUSE)
Casting: Flame Wave (safe; 1% risk of failure)
Confirm with . or Enter, or press ? or * to list all spells.
You feel a surge of power!
Flames lash the torpor snail.
The torpor snail's fire resistance burns away.
You are engulfed in blazing flames.
You die...

Skill      XL: |  1  2  3  4  5  6  7  8  9 10 11 12 |
---------------+-------------------------------------+-----
Fire Magic     | 4 5 7 8 9 10 | 10.0
Conjurations   | 2 3 5 8 12 | 12.0
Spellcasting   | 3 4 5 7 8 |  8.0
Fighting       | 1 5 6 |  6.4
Dodging        | 5 6 |  6.8
Poison Magic   | 4 |  4.0
Stealth        | |  2.6

Action                   |  1- 3 |  4- 6 |  7- 9 | 10-12 || total
-------------------------+-------+-------+-------+-------++-------
Melee: Unarmed           |     6 |       |       |       ||     6
       Constrict         |     7 |     5 |       |     2 ||    14
       Tentacles         |     4 |     1 |       |     1 ||     6
       Dagger            |    15 |    31 |       |       ||    46
       Staff             |       |       |       |    16 ||    16
       Kick              |       |       |       |     6 ||     6
Throw: Dart              |       |     1 |       |       ||     1
 Cast: Foxfire           |    65 |    96 |   140 |   192 ||   493
       Scorch            |     2 |    13 |    42 |   112 ||   169
       Flame Wave        |       |       |       |    26 ||    26
Evoke: Wand              |       |       |     3 |       ||     3
  Use: Scroll            |       |     3 |    10 |     7 ||    20
       Potion            |       |       |       |     5 ||     5
 Stab: Sleeping          |     2 |     3 |       |       ||     5
Armor: Skin              |     6 |     9 |     7 |    17 ||    39
Dodge: Dodged            |    16 |    25 |    36 |    69 ||   146

Levels and vault maps discovered:
D:1:      tarquinn_simple_flora_water_c, layout_basic, minmay_misc_feat_rugged,
          lemuel_another_geyser
D:2:      layout_loops_cross, ebering_dispersal_statue_hall,
          minmay_misc_feat_alley
D:3:      layout_rooms, ebering_ecumenical_altar_hall, pf_guarded_unrand_delatra
D:4:      layout_loops_ring, serial_park_tiny_2,
          nicolae_concentric_dashed_squares_wild, uniq_menkaure
D:5:      layout_basic, mainiacjoe_overflow_alcove_1, grunt_dithmenos_smoke,
          kennysheep_little_box, minmay_manual_monolith
D:6:      layout_basic, kennysheep_mini_moat, minmay_temple_entry_arrows,
          nicolae_eternal_life, uniq_duvessa
D:7:      layout_cave_pools, nicolae_tso_besieged_by_evil
D:8:      nicolae_whirlpool, layout_basic, serial_shops, nicolae_stop_n_shop_1,
          amethyst_killhole
D:9:      layout_irregular_city, lemuel_round_altar,
          mainiacjoe_overflow_boulevard, mainiacjoe_overflow_brackets,
          gammafunk_temple_overflow_forgotten
D:10:     layout_rooms, mainiacjoe_overflow_tiny_flanked,
          erik_lair_orcish_takeover, uniq_psyche
D:11:     layout_roguey, zombieorc2_lemuel, hangedman_decor_growths
D:12:     layout_loops_ring, portal_ice_cave_entry_imps
Temple:   cyrus_temple_forest
Lair:1:   layout_misc_corridors

Notes
Turn   | Place    | Note
-------+----------+-------------------------------------------
     0 | D:1      | spiderkeys the Octopode Fire Elementalist began the quest
                  | for the Orb.
     0 | D:1      | Reached XP level 1. HP: 11/11 MP: 3/3
     0 | D:1      | magus.rc [v1.11.3]
   243 | D:1      | You pick up a book of Dreams and begin reading...
   243 | D:1      | You add the spells Ensorcelled Hibernation, Spider Form and
                  | Anguish to your library.
   379 | D:1      | Reached XP level 2. HP: 17/17 MP: 0/5
   755 | D:1      | You pick up a book of Alchemy and begin reading...
   755 | D:1      | You add the spells Sublimation of Blood, Petrify and
                  | Irradiate to your library.
   833 | D:1      | You pick up a book of Winter and begin reading...
   833 | D:1      | You add the spells Ozocubu's Armour, Metabolic Englaciation
                  | and Simulacrum to your library.
   951 | D:1      | Reached XP level 3. HP: 21/21 MP: 3/6
  1831 | D:2      | Learned a level 2 spell: Scorch
  1844 | D:2      | Reached skill level 4 in Fire Magic
  1911 | D:2      | Reached skill level 2 in Conjurations
  1911 | D:2      | Reached XP level 4. HP: 27/27 MP: 5/7
  2421 | D:3      | Noticed a gnoll sergeant
  3326 | D:3      | Found the +1 Delatra's gloves {ID++}
  3345 | D:3      | Reached XP level 5. HP: 14/31 MP: 2/9
  3673 | D:3      | Found a faded altar of an unknown god.
  3815 | D:3      | Reached skill level 3 in Spellcasting
  3815 | D:3      | Reached skill level 5 in Fire Magic
  3932 | D:3      | Reached XP level 6. HP: 36/36 MP: 6/10
  4058 | D:4      | Reached skill level 3 in Conjurations
  4083 | D:4      | Noticed Menkaure
  4086 | D:4      | Killed Menkaure
  4345 | D:4      | Identified the ring "Podosi" {Will- Str+6 Int+2 Stlth+}
  4882 | D:4      | Reached XP level 7. HP: 41/41 MP: 9/12
  5326 | D:5      | Entered Level 5 of the Dungeon
  5329 | D:5      | Reached skill level 6 in Fire Magic
  5387 | D:5      | Reached skill level 4 in Conjurations
  5393 | D:5      | Reached skill level 4 in Spellcasting
  5450 | D:5      | Noticed a two-headed ogre
  5460 | D:5      | Killed a two-headed ogre
  5461 | D:5      | Reached skill level 5 in Conjurations
  5461 | D:5      | Reached skill level 7 in Fire Magic
  5461 | D:5      | Reached XP level 8. HP: 46/46 MP: 3/15
  5813 | D:5      | Identified the +2 hat "Kateka" {Int+7 Dex-3}
  5821 | D:5      | Found a broken altar of Ashenzari.
  5829 | D:5      | Found a shimmering blue altar of Sif Muna.
  5888 | D:5      | Reached skill level 5 in Spellcasting
  5888 | D:5      | Reached skill level 8 in Fire Magic
  6281 | D:5      | Found a shadowy altar of Dithmenos.
  6331 | D:5      | Reached XP level 9. HP: 51/51 MP: 9/17
  6524 | D:6      | Found a staircase to the Ecumenical Temple.
  6533 | Temple   | Entered the Ecumenical Temple
  6707 | D:6      | Noticed Dowan
  6708 | D:6      | Noticed Duvessa
  6715 | D:6      | Killed Duvessa
  6716 | D:6      | Reached skill level 6 in Conjurations
  6717 | D:6      | Killed Dowan
  6718 | D:6      | Reached skill level 6 in Spellcasting
  6884 | D:6      | Identified a scroll of acquirement
  6885 | D:6      | Acquired the ring "Neakall" {rElec rC- rCorr Str-3 Int+6}
  7667 | D:6      | Found a basalt altar of Yredelemnul.
  7822 | D:7      | Found a glowing golden altar of the Shining One.
  8021 | D:7      | Learned a level 4 spell: Flame Wave
  8259 | D:7      | Reached skill level 7 in Conjurations
  8581 | D:8      | Found Kitem's General Store.
  8587 | D:8      | Reached skill level 7 in Spellcasting
  9203 | D:8      | Reached skill level 8 in Conjurations
  9663 | D:8      | Bought 4 curare-tipped darts for 31 gold pieces
  9699 | D:8      | Reached XP level 10. HP: 49/56 MP: 16/21
  9704 | D:8      | Reached skill level 8 in Spellcasting
  9717 | D:8      | HP: 14/56 [gnoll sergeant/+2 spear of freezing (14)]
 10097 | D:8      | Gained mutation: Your muscles are strong. (Str +4, Int/Dex
                  | -1) [potion of mutation]
 10098 | D:8      | Lost mutation: Your muscles are strong. (Str +4, Int/Dex
                  | -1) [potion of mutation]
 10098 | D:8      | Gained mutation: You are robust. (+10% HP) [potion of
                  | mutation]
 10098 | D:8      | Gained mutation: You sometimes lose your temper in combat.
                  | [potion of mutation]
 10098 | D:8      | Gained mutation: You are partially covered in iridescent
                  | scales. (AC +2) [potion of mutation]
 10099 | D:8      | Lost mutation: You are partially covered in iridescent
                  | scales. (AC +2) [potion of mutation]
 10099 | D:8      | Lost mutation: You sometimes lose your temper in combat.
                  | [potion of mutation]
 10099 | D:8      | Lost mutation: You are robust. (+10% HP) [potion of
                  | mutation]
 10099 | D:8      | Gained mutation: Your natural rate of healing is unusually
                  | fast. [potion of mutation]
 10099 | D:8      | Gained mutation: Your body sometimes deteriorates upon
                  | taking damage. [potion of mutation]
 10099 | D:8      | Gained mutation: One of your tentacles bears a spike.
                  | [potion of mutation]
 10099 | D:8      | Gained mutation: You are partially covered in iridescent
                  | scales. (AC +2) [potion of mutation]
 10219 | D:8      | You fall into a shaft and drop 2 floors!
 10219 | D:10     | Entered Level 10 of the Dungeon
 10274 | D:10     | Reached skill level 9 in Conjurations
 10444 | D:10     | Found a staircase to the Lair.
 10449 | D:10     | You pick up a book of Death and begin reading...
 10449 | D:10     | You add the spells Animate Dead, Haunt and Infestation to
                  | your library.
 10476 | D:10     | Found a radiant altar of Vehumet.
 10511 | D:10     | Became a worshipper of Vehumet
 10591 | D:10     | Killed an unseen horror
 10592 | D:10     | Reached skill level 10 in Conjurations
 10740 | D:9      | Found a hazy altar of Hepliaklqana.
 11027 | D:9      | Found an ancient bone altar of Kikubaaqudgha.
 11155 | D:9      | Reached skill level 11 in Conjurations
 11287 | D:9      | Found an ornate altar of the Wu Jian Council.
 11347 | D:9      | Noticed a kobold demonologist
 11350 | D:9      | Killed a kobold demonologist
 11351 | D:9      | Reached skill level 12 in Conjurations
 11351 | D:9      | Reached skill level 1 in Fighting
 11351 | D:9      | Reached XP level 11. HP: 63/63 MP: 13/23
 11424 | D:9      | Found a bloodstained altar of Trog.
 11424 | D:9      | Found a glowing silver altar of Zin.
 11604 | D:9      | Noticed a two-headed ogre
 11613 | D:9      | Killed a two-headed ogre
 11614 | D:9      | Reached skill level 2 in Fighting
 11614 | D:9      | Reached skill level 3 in Dodging
 11669 | D:9      | Found a burning altar of Makhleb.
 12122 | D:10     | Reached * piety under Vehumet
 12122 | D:10     | Offered knowledge of Sandblast by Vehumet.
 12138 | D:10     | Reached skill level 3 in Fighting
 12262 | D:10     | Reached skill level 4 in Dodging
 12452 | D:10     | Noticed Psyche
 12459 | D:10     | Killed Psyche
 12781 | D:11     | Reached skill level 9 in Fire Magic
 12872 | D:11     | Reached skill level 4 in Fighting
 13192 | D:11     | Reached skill level 5 in Dodging
 13384 | D:11     | Reached ** piety under Vehumet
 13410 | D:11     | Offered knowledge of Shock by Vehumet.
 13626 | D:11     | Reached skill level 5 in Fighting
 13836 | D:11     | Found a staircase to the Orcish Mines.
 14028 | D:11     | Offered knowledge of Poisonous Vapours by Vehumet.
 14148 | D:11     | Learned a level 2 spell: Poisonous Vapours
 14197 | D:12     | Reached XP level 12. HP: 77/77 MP: 16/24
 14199 | D:12     | Reached skill level 1 in Poison Magic
 14202 | D:12     | Reached skill level 6 in Dodging
 14203 | D:12     | Noticed a boulder beetle
 14234 | D:12     | Noticed a boulder beetle
 14409 | Lair:1   | Entered Level 1 of the Lair of Beasts
 14506 | Lair:1   | Reached skill level 10 in Fire Magic
 14506 | Lair:1   | Reached skill level 2 in Poison Magic
 14537 | Lair:1   | Reached *** piety under Vehumet
 14586 | Lair:1   | Identified the +2 leather armour "Koaqusyl" {Stlth+}
 14609 | Lair:1   | Reached skill level 6 in Fighting
 14611 | Lair:1   | Reached skill level 3 in Poison Magic
 14833 | Lair:1   | Reached skill level 4 in Poison Magic
 14839 | Lair:1   | HP: 17/80 [cloud of flame (9)]
 14840 | Lair:1   | Engulfed by a cloud of flame

Vanquished Creatures
  2 two-headed ogres
  A black mamba (Lair:1)
  Psyche (D:10)
  2 kobold demonologists
  5 cane toads (Lair:1)
  2 unseen horrors
  A komodo dragon (Lair:1)
  3 trolls
  4 shadows
  2 wraiths (D:11)
  30 yaks
  2 wyverns
  3 steam dragons
  A basilisk (Lair:1)
  7 vampire mosquitoes
  3 wargs (D:10)
  Menkaure (D:4)
  An acid dragon (D:11)
  Duvessa (D:6)
  2 water moccasins
  2 orc warriors
  A sky beast (D:8)
  2 ice beasts
  2 ogres (D:5)
  8 centaurs
  2 phantoms
  A bullfrog (D:8)
  2 gnoll sergeants
  2 scorpions
  Dowan (D:6)
  2 troll zombies (D:11)
  12 killer bees
  4 howler monkeys (D:11)
  3 jellies
  3 hounds
  4 orc priests
  4 iguanas
  4 orc wizards
  6 ogre zombies (D:11)
  9 gnolls
  9 adders
  3 white imps
  An ufetubus (D:5)
  2 worms
  4 dart slugs
  21 orcs
  8 endoplasms
  3 giant cockroaches
  14 hobgoblins
  3 jackals (D:2)
  A quokka (D:2)
  9 ball pythons
  6 bats
  5 frilled lizards
  5 goblins
  3 goblin skeletons
  8 goblin zombies
  2 hobgoblin skeletons (D:11)
  8 hobgoblin zombies
  17 kobolds
  3 kobold skeletons (D:7)
  A kobold zombie (D:7)
  3 orc skeletons
  13 orc zombies
  8 rats
  A bush (Lair:1)
309 creatures vanquished.

Vanquished Creatures (collateral kills)
  A foxfire (Lair:1)
1 creature vanquished.

Vanquished Creatures (others)
  834 foxfires
  2 fungi (Lair:1)
  A plant (Lair:1)
837 creatures vanquished.

Grand Total: 1147 creatures vanquished

Table legend:
 A = Non-vault XP
 B = Vault XP
 C = Vault XP percentage of total XP
 D = Non-vault monster count
 E = Vault monster count
 F = Vault count percentage of total count
                 A         B        C        D         E       F
            +---------+---------+-------+---------+---------+-------
      Total |   19249 |    3893 |  16.8 |     232 |      76 |  24.7
            +---------+---------+-------+---------+---------+-------
        D:1 |      39 |       0 |   0.0 |      27 |       0 |   0.0
        D:2 |      80 |       0 |   0.0 |      28 |       0 |   0.0
        D:3 |     188 |      41 |  17.9 |      21 |       3 |  12.5
        D:4 |     128 |     169 |  56.9 |      17 |       1 |   5.6
        D:5 |     588 |    1135 |  65.9 |      13 |       4 |  23.5
        D:6 |     232 |     214 |  48.0 |       7 |       2 |  22.2
        D:7 |     878 |      27 |   3.0 |      10 |      17 |  63.0
        D:8 |     989 |     447 |  31.1 |      18 |       4 |  18.2
        D:9 |    4696 |       0 |   0.0 |      33 |       0 |   0.0
       D:10 |    2291 |    1013 |  30.7 |      14 |       9 |  39.1
       D:11 |    4123 |     847 |  17.0 |      26 |      36 |  58.1
       D:12 |     847 |       0 |   0.0 |       4 |       0 |   0.0
     Lair:1 |    4170 |       0 |   0.0 |      14 |       0 |   0.0
            +---------+---------+-------+---------+---------+-------

Illustrated notes

Table legend:
 A = Kills in this place as a percentage of kills in entire the game.
 B = Kills by you in this place as a percentage of kills by you in the entire game.
 C = Kills by friends in this place as a percentage of kills by friends in the entire game.
 D = Other kills in this place as a percentage of other kills in the entire game.
 E = Experience gained in this place as a percentage of experience gained in the entire game.
 F = Experience gained in this place divided by the number of levels of this place that you have seen.
                   A       B       C       D       E      F
               +-------+-------+-------+-------+-------+----------------------
         Total | 100.0 | 100.0 |   N/A |   N/A | 100.0 | 1653.0
       Dungeon |  95.5 |  95.5 |   N/A |   N/A |  82.0 | 1581.0
          Lair |   4.5 |   4.5 |   N/A |   N/A |  18.0 | 4170.0
               +-------+-------+-------+-------+-------+----------------------

Table legend: (Time is in decaauts)
 A = Elapsed time spent in this place.
 B = Non-inter-level travel time spent in this place.
 C = Inter-level travel time spent in this place.
 D = Time resting spent in this place.
 E = Time spent auto-exploring this place.
 F = Levels seen in this place.
 G = Mean time per level.
                   A        B        C        D        E       F      G
               +--------+--------+--------+--------+--------+-----+--------+
         Total |  14859 |  14230 |    629 |   1983 |  10341 |  14 | 1061.4 |
       Dungeon |  14337 |  13733 |    604 |   1938 |  10020 |  12 | 1194.8 |
        Temple |     88 |     64 |     24 |      0 |     41 |   1 |   88.0 |
          Lair |    433 |    433 |      0 |     45 |    280 |   1 |  433.0 |
               +--------+--------+--------+--------+--------+-----+--------+

Top non-repeatable levels by time:
    D:11: 1733 daAuts
     D:7: 1661 daAuts
     D:2: 1543 daAuts
     D:9: 1469 daAuts
     D:1: 1317 daAuts
     D:4: 1271 daAuts
     D:3: 1194 daAuts
     D:5: 1191 daAuts
     D:6: 1160 daAuts
     D:8: 927 daAuts
    D:10: 800 daAuts
  Lair:1: 433 daAuts
  Temple: 88 daAuts
    D:12: 66 daAuts
